%YAML 1.1
%TAG !u! tag:unity3d.com,2011:
--- !u!1 &257420488
GameObject:
  m_ObjectHideFlags: 0
  m_CorrespondingSourceObject: {fileID: 0}
  m_PrefabInstance: {fileID: 0}
  m_PrefabAsset: {fileID: 0}
  serializedVersion: 6
  m_Component:
  - component: {fileID: 257420489}
  - component: {fileID: 257420491}
  - component: {fileID: 257420490}
  m_Layer: 5
  m_Name: Timer
  m_TagString: Untagged
  m_Icon: {fileID: 0}
  m_NavMeshLayer: 0
  m_StaticEditorFlags: 0
  m_IsActive: 1
--- !u!224 &257420489
RectTransform:
  m_ObjectHideFlags: 0
  m_CorrespondingSourceObject: {fileID: 0}
  m_PrefabInstance: {fileID: 0}
  m_PrefabAsset: {fileID: 0}
  m_GameObject: {fileID: 257420488}
  m_LocalRotation: {x: 0, y: 0, z: 0, w: 1}
  m_LocalPosition: {x: 0, y: 0, z: 0}
  m_LocalScale: {x: 1, y: 1, z: 1}
  m_Children: []
  m_Father: {fileID: 4696239980586748111}
  m_RootOrder: 1
  m_LocalEulerAnglesHint: {x: 0, y: 0, z: 0}
  m_AnchorMin: {x: 0.5, y: 0.5}
  m_AnchorMax: {x: 0.5, y: 0.5}
  m_AnchoredPosition: {x: 0, y: 0}
  m_SizeDelta: {x: 100, y: 100}
  m_Pivot: {x: 0.5, y: 0.5}
--- !u!222 &257420491
CanvasRenderer:
  m_ObjectHideFlags: 0
  m_CorrespondingSourceObject: {fileID: 0}
  m_PrefabInstance: {fileID: 0}
  m_PrefabAsset: {fileID: 0}
  m_GameObject: {fileID: 257420488}
  m_CullTransparentMesh: 0
--- !u!114 &257420490
MonoBehaviour:
  m_ObjectHideFlags: 0
  m_CorrespondingSourceObject: {fileID: 0}
  m_PrefabInstance: {fileID: 0}
  m_PrefabAsset: {fileID: 0}
  m_GameObject: {fileID: 257420488}
  m_Enabled: 1
  m_EditorHideFlags: 0
  m_Script: {fileID: 11500000, guid: 5f7201a12d95ffc409449d95f23cf332, type: 3}
  m_Name: 
  m_EditorClassIdentifier: 
  m_Material: {fileID: 0}
  m_Color: {r: 0, g: 0, b: 0, a: 1}
  m_RaycastTarget: 1
  m_Maskable: 1
  m_OnCullStateChanged:
    m_PersistentCalls:
      m_Calls: []
  m_FontData:
    m_Font: {fileID: 12800000, guid: 4503af1879a47cd4f992474efd61f526, type: 3}
    m_FontSize: 35
    m_FontStyle: 0
    m_BestFit: 0
    m_MinSize: 5
    m_MaxSize: 64
    m_Alignment: 4
    m_AlignByGeometry: 1
    m_RichText: 1
    m_HorizontalOverflow: 0
    m_VerticalOverflow: 1
    m_LineSpacing: 1
  m_Text: 000
--- !u!1 &1265525931
GameObject:
  m_ObjectHideFlags: 0
  m_CorrespondingSourceObject: {fileID: 0}
  m_PrefabInstance: {fileID: 0}
  m_PrefabAsset: {fileID: 0}
  serializedVersion: 6
  m_Component:
  - component: {fileID: 1265525932}
  - component: {fileID: 1265525934}
  - component: {fileID: 1265525933}
  m_Layer: 5
  m_Name: Image
  m_TagString: Untagged
  m_Icon: {fileID: 0}
  m_NavMeshLayer: 0
  m_StaticEditorFlags: 0
  m_IsActive: 1
--- !u!224 &1265525932
RectTransform:
  m_ObjectHideFlags: 0
  m_CorrespondingSourceObject: {fileID: 0}
  m_PrefabInstance: {fileID: 0}
  m_PrefabAsset: {fileID: 0}
  m_GameObject: {fileID: 1265525931}
  m_LocalRotation: {x: 0, y: 0, z: 0, w: 1}
  m_LocalPosition: {x: 0, y: 0, z: 0}
  m_LocalScale: {x: 1, y: 1, z: 1}
  m_Children: []
  m_Father: {fileID: 1573321801}
  m_RootOrder: 0
  m_LocalEulerAnglesHint: {x: 0, y: 0, z: 0}
  m_AnchorMin: {x: 0.5, y: 0.5}
  m_AnchorMax: {x: 0.5, y: 0.5}
  m_AnchoredPosition: {x: 45, y: 0}
  m_SizeDelta: {x: 35, y: 35}
  m_Pivot: {x: 0.5, y: 0.5}
--- !u!222 &1265525934
CanvasRenderer:
  m_ObjectHideFlags: 0
  m_CorrespondingSourceObject: {fileID: 0}
  m_PrefabInstance: {fileID: 0}
  m_PrefabAsset: {fileID: 0}
  m_GameObject: {fileID: 1265525931}
  m_CullTransparentMesh: 0
--- !u!114 &1265525933
MonoBehaviour:
  m_ObjectHideFlags: 0
  m_CorrespondingSourceObject: {fileID: 0}
  m_PrefabInstance: {fileID: 0}
  m_PrefabAsset: {fileID: 0}
  m_GameObject: {fileID: 1265525931}
  m_Enabled: 1
  m_EditorHideFlags: 0
  m_Script: {fileID: 11500000, guid: fe87c0e1cc204ed48ad3b37840f39efc, type: 3}
  m_Name: 
  m_EditorClassIdentifier: 
  m_Material: {fileID: 0}
  m_Color: {r: 1, g: 1, b: 1, a: 1}
  m_RaycastTarget: 1
  m_Maskable: 1
  m_OnCullStateChanged:
    m_PersistentCalls:
      m_Calls: []
  m_Sprite: {fileID: 21300000, guid: 2e75ad3b3394414418d55984f2840ac2, type: 3}
  m_Type: 0
  m_PreserveAspect: 0
  m_FillCenter: 1
  m_FillMethod: 4
  m_FillAmount: 1
  m_FillClockwise: 1
  m_FillOrigin: 0
  m_UseSpriteMesh: 0
  m_PixelsPerUnitMultiplier: 1
--- !u!1 &1573321800
GameObject:
  m_ObjectHideFlags: 0
  m_CorrespondingSourceObject: {fileID: 0}
  m_PrefabInstance: {fileID: 0}
  m_PrefabAsset: {fileID: 0}
  serializedVersion: 6
  m_Component:
  - component: {fileID: 1573321801}
  - component: {fileID: 1573321803}
  - component: {fileID: 1573321802}
  m_Layer: 5
  m_Name: Score
  m_TagString: Untagged
  m_Icon: {fileID: 0}
  m_NavMeshLayer: 0
  m_StaticEditorFlags: 0
  m_IsActive: 1
--- !u!224 &1573321801
RectTransform:
  m_ObjectHideFlags: 0
  m_CorrespondingSourceObject: {fileID: 0}
  m_PrefabInstance: {fileID: 0}
  m_PrefabAsset: {fileID: 0}
  m_GameObject: {fileID: 1573321800}
  m_LocalRotation: {x: 0, y: 0, z: 0, w: 1}
  m_LocalPosition: {x: 0, y: 0, z: 0}
  m_LocalScale: {x: 1, y: 1, z: 1}
  m_Children:
  - {fileID: 1265525932}
  m_Father: {fileID: 4894089127201390722}
  m_RootOrder: 1
  m_LocalEulerAnglesHint: {x: 0, y: 0, z: 0}
  m_AnchorMin: {x: 0.5, y: 0.5}
  m_AnchorMax: {x: 0.5, y: 0.5}
  m_AnchoredPosition: {x: -160, y: -55}
  m_SizeDelta: {x: 30, y: 40}
  m_Pivot: {x: 0.5, y: 0.5}
--- !u!222 &1573321803
CanvasRenderer:
  m_ObjectHideFlags: 0
  m_CorrespondingSourceObject: {fileID: 0}
  m_PrefabInstance: {fileID: 0}
  m_PrefabAsset: {fileID: 0}
  m_GameObject: {fileID: 1573321800}
  m_CullTransparentMesh: 0
--- !u!114 &1573321802
MonoBehaviour:
  m_ObjectHideFlags: 0
  m_CorrespondingSourceObject: {fileID: 0}
  m_PrefabInstance: {fileID: 0}
  m_PrefabAsset: {fileID: 0}
  m_GameObject: {fileID: 1573321800}
  m_Enabled: 1
  m_EditorHideFlags: 0
  m_Script: {fileID: 11500000, guid: 5f7201a12d95ffc409449d95f23cf332, type: 3}
  m_Name: 
  m_EditorClassIdentifier: 
  m_Material: {fileID: 0}
  m_Color: {r: 1, g: 1, b: 1, a: 1}
  m_RaycastTarget: 1
  m_Maskable: 1
  m_OnCullStateChanged:
    m_PersistentCalls:
      m_Calls: []
  m_FontData:
    m_Font: {fileID: 12800000, guid: 4503af1879a47cd4f992474efd61f526, type: 3}
    m_FontSize: 35
    m_FontStyle: 0
    m_BestFit: 0
    m_MinSize: 0
    m_MaxSize: 97
    m_Alignment: 4
    m_AlignByGeometry: 1
    m_RichText: 1
    m_HorizontalOverflow: 1
    m_VerticalOverflow: 1
    m_LineSpacing: 1
  m_Text: 0
--- !u!1 &467331372376052403
GameObject:
  m_ObjectHideFlags: 0
  m_CorrespondingSourceObject: {fileID: 0}
  m_PrefabInstance: {fileID: 0}
  m_PrefabAsset: {fileID: 0}
  serializedVersion: 6
  m_Component:
  - component: {fileID: 4696239980586748111}
  - component: {fileID: 765446424821787101}
  - component: {fileID: 7222959143243197802}
  m_Layer: 5
  m_Name: BGTime
  m_TagString: Untagged
  m_Icon: {fileID: 0}
  m_NavMeshLayer: 0
  m_StaticEditorFlags: 0
  m_IsActive: 1
--- !u!224 &4696239980586748111
RectTransform:
  m_ObjectHideFlags: 0
  m_CorrespondingSourceObject: {fileID: 0}
  m_PrefabInstance: {fileID: 0}
  m_PrefabAsset: {fileID: 0}
  m_GameObject: {fileID: 467331372376052403}
  m_LocalRotation: {x: -0, y: -0, z: -0, w: 1}
  m_LocalPosition: {x: 0, y: 0, z: 0}
  m_LocalScale: {x: 1, y: 1, z: 1}
  m_Children:
  - {fileID: 6223577224841931329}
  - {fileID: 257420489}
  m_Father: {fileID: 4894089127201390722}
  m_RootOrder: 2
  m_LocalEulerAnglesHint: {x: 0, y: 0, z: 0}
  m_AnchorMin: {x: 0.5, y: 0.5}
  m_AnchorMax: {x: 0.5, y: 0.5}
  m_AnchoredPosition: {x: 2.5, y: 160}
  m_SizeDelta: {x: 75, y: 75}
  m_Pivot: {x: 0.5, y: 0.5}
--- !u!222 &765446424821787101
CanvasRenderer:
  m_ObjectHideFlags: 0
  m_CorrespondingSourceObject: {fileID: 0}
  m_PrefabInstance: {fileID: 0}
  m_PrefabAsset: {fileID: 0}
  m_GameObject: {fileID: 467331372376052403}
  m_CullTransparentMesh: 0
--- !u!114 &7222959143243197802
MonoBehaviour:
  m_ObjectHideFlags: 0
  m_CorrespondingSourceObject: {fileID: 0}
  m_PrefabInstance: {fileID: 0}
  m_PrefabAsset: {fileID: 0}
  m_GameObject: {fileID: 467331372376052403}
  m_Enabled: 1
  m_EditorHideFlags: 0
  m_Script: {fileID: 11500000, guid: fe87c0e1cc204ed48ad3b37840f39efc, type: 3}
  m_Name: 
  m_EditorClassIdentifier: 
  m_Material: {fileID: 0}
  m_Color: {r: 1, g: 1, b: 1, a: 1}
  m_RaycastTarget: 1
  m_Maskable: 1
  m_OnCullStateChanged:
    m_PersistentCalls:
      m_Calls: []
  m_Sprite: {fileID: 21300000, guid: a27be0e99d998044aa6845614c924f59, type: 3}
  m_Type: 0
  m_PreserveAspect: 0
  m_FillCenter: 1
  m_FillMethod: 4
  m_FillAmount: 1
  m_FillClockwise: 1
  m_FillOrigin: 2
  m_UseSpriteMesh: 0
  m_PixelsPerUnitMultiplier: 1
--- !u!1 &2751786409009655032
GameObject:
  m_ObjectHideFlags: 0
  m_CorrespondingSourceObject: {fileID: 0}
  m_PrefabInstance: {fileID: 0}
  m_PrefabAsset: {fileID: 0}
  serializedVersion: 6
  m_Component:
  - component: {fileID: 6223577224841931329}
  - component: {fileID: 3604971777669707631}
  - component: {fileID: 8865292211306650952}
  m_Layer: 5
  m_Name: Fill
  m_TagString: Untagged
  m_Icon: {fileID: 0}
  m_NavMeshLayer: 0
  m_StaticEditorFlags: 0
  m_IsActive: 1
--- !u!224 &6223577224841931329
RectTransform:
  m_ObjectHideFlags: 0
  m_CorrespondingSourceObject: {fileID: 0}
  m_PrefabInstance: {fileID: 0}
  m_PrefabAsset: {fileID: 0}
  m_GameObject: {fileID: 2751786409009655032}
  m_LocalRotation: {x: -0, y: -0, z: -0, w: 1}
  m_LocalPosition: {x: 0, y: 0, z: 0}
  m_LocalScale: {x: 1, y: 1, z: 1}
  m_Children: []
  m_Father: {fileID: 4696239980586748111}
  m_RootOrder: 0
  m_LocalEulerAnglesHint: {x: 0, y: 0, z: 0}
  m_AnchorMin: {x: 0.5, y: 0.5}
  m_AnchorMax: {x: 0.5, y: 0.5}
  m_AnchoredPosition: {x: 0, y: 0}
  m_SizeDelta: {x: 75, y: 75}
  m_Pivot: {x: 0.5, y: 0.5}
--- !u!222 &3604971777669707631
CanvasRenderer:
  m_ObjectHideFlags: 0
  m_CorrespondingSourceObject: {fileID: 0}
  m_PrefabInstance: {fileID: 0}
  m_PrefabAsset: {fileID: 0}
  m_GameObject: {fileID: 2751786409009655032}
  m_CullTransparentMesh: 0
--- !u!114 &8865292211306650952
MonoBehaviour:
  m_ObjectHideFlags: 0
  m_CorrespondingSourceObject: {fileID: 0}
  m_PrefabInstance: {fileID: 0}
  m_PrefabAsset: {fileID: 0}
  m_GameObject: {fileID: 2751786409009655032}
  m_Enabled: 1
  m_EditorHideFlags: 0
  m_Script: {fileID: 11500000, guid: fe87c0e1cc204ed48ad3b37840f39efc, type: 3}
  m_Name: 
  m_EditorClassIdentifier: 
  m_Material: {fileID: 0}
  m_Color: {r: 1, g: 0, b: 0, a: 0.49803922}
  m_RaycastTarget: 1
  m_Maskable: 1
  m_OnCullStateChanged:
    m_PersistentCalls:
      m_Calls: []
  m_Sprite: {fileID: 21300000, guid: a27be0e99d998044aa6845614c924f59, type: 3}
  m_Type: 3
  m_PreserveAspect: 0
  m_FillCenter: 1
  m_FillMethod: 4
  m_FillAmount: 0.49
  m_FillClockwise: 1
  m_FillOrigin: 2
  m_UseSpriteMesh: 0
  m_PixelsPerUnitMultiplier: 1
--- !u!1 &4431372717504212052
GameObject:
  m_ObjectHideFlags: 0
  m_CorrespondingSourceObject: {fileID: 0}
  m_PrefabInstance: {fileID: 0}
  m_PrefabAsset: {fileID: 0}
  serializedVersion: 6
  m_Component:
  - component: {fileID: 5409510253069664176}
  - component: {fileID: 6162547879456146125}
  - component: {fileID: 765538602202051281}
  m_Layer: 5
  m_Name: Hit
  m_TagString: Untagged
  m_Icon: {fileID: 0}
  m_NavMeshLayer: 0
  m_StaticEditorFlags: 0
  m_IsActive: 1
--- !u!224 &5409510253069664176
RectTransform:
  m_ObjectHideFlags: 0
  m_CorrespondingSourceObject: {fileID: 0}
  m_PrefabInstance: {fileID: 0}
  m_PrefabAsset: {fileID: 0}
  m_GameObject: {fileID: 4431372717504212052}
  m_LocalRotation: {x: 0, y: 0, z: 0, w: 1}
  m_LocalPosition: {x: 0, y: 0, z: 0}
  m_LocalScale: {x: 1, y: 1, z: 1}
  m_Children: []
  m_Father: {fileID: 4894089127201390722}
  m_RootOrder: 3
  m_LocalEulerAnglesHint: {x: 0, y: 0, z: 0}
  m_AnchorMin: {x: 0.5, y: 0.5}
  m_AnchorMax: {x: 0.5, y: 0.5}
  m_AnchoredPosition: {x: 160, y: -55.000004}
  m_SizeDelta: {x: 30, y: 40}
  m_Pivot: {x: 0.5, y: 0.5}
--- !u!222 &6162547879456146125
CanvasRenderer:
  m_ObjectHideFlags: 0
  m_CorrespondingSourceObject: {fileID: 0}
  m_PrefabInstance: {fileID: 0}
  m_PrefabAsset: {fileID: 0}
  m_GameObject: {fileID: 4431372717504212052}
  m_CullTransparentMesh: 0
--- !u!114 &765538602202051281
MonoBehaviour:
  m_ObjectHideFlags: 0
  m_CorrespondingSourceObject: {fileID: 0}
  m_PrefabInstance: {fileID: 0}
  m_PrefabAsset: {fileID: 0}
  m_GameObject: {fileID: 4431372717504212052}
  m_Enabled: 1
  m_EditorHideFlags: 0
  m_Script: {fileID: 11500000, guid: 5f7201a12d95ffc409449d95f23cf332, type: 3}
  m_Name: 
  m_EditorClassIdentifier: 
  m_Material: {fileID: 0}
  m_Color: {r: 1, g: 1, b: 1, a: 1}
  m_RaycastTarget: 1
  m_Maskable: 1
  m_OnCullStateChanged:
    m_PersistentCalls:
      m_Calls: []
  m_FontData:
    m_Font: {fileID: 12800000, guid: 4503af1879a47cd4f992474efd61f526, type: 3}
    m_FontSize: 35
    m_FontStyle: 0
    m_BestFit: 0
    m_MinSize: 0
    m_MaxSize: 97
    m_Alignment: 4
    m_AlignByGeometry: 0
    m_RichText: 1
    m_HorizontalOverflow: 1
    m_VerticalOverflow: 1
    m_LineSpacing: 1
  m_Text: 'Hit : 000'
--- !u!1 &4894089127201390726
GameObject:
  m_ObjectHideFlags: 0
  m_CorrespondingSourceObject: {fileID: 0}
  m_PrefabInstance: {fileID: 0}
  m_PrefabAsset: {fileID: 0}
  serializedVersion: 6
  m_Component:
  - component: {fileID: 4894089127201390722}
  - component: {fileID: 4894089127201390725}
  - component: {fileID: 4894089127201390724}
  - component: {fileID: 4894089127201390727}
  - component: {fileID: 4894089128062159225}
  m_Layer: 5
  m_Name: InfoGestionner
  m_TagString: Untagged
  m_Icon: {fileID: 0}
  m_NavMeshLayer: 0
  m_StaticEditorFlags: 0
  m_IsActive: 1
--- !u!224 &4894089127201390722
RectTransform:
  m_ObjectHideFlags: 0
  m_CorrespondingSourceObject: {fileID: 0}
  m_PrefabInstance: {fileID: 0}
  m_PrefabAsset: {fileID: 0}
  m_GameObject: {fileID: 4894089127201390726}
  m_LocalRotation: {x: 0, y: 0, z: 0, w: 1}
  m_LocalPosition: {x: 0, y: 0, z: 0}
  m_LocalScale: {x: 0, y: 0, z: 0}
  m_Children:
  - {fileID: 2262031861929621170}
  - {fileID: 1573321801}
  - {fileID: 4696239980586748111}
  - {fileID: 5409510253069664176}
  m_Father: {fileID: 0}
  m_RootOrder: 0
  m_LocalEulerAnglesHint: {x: 0, y: 0, z: 0}
  m_AnchorMin: {x: 0, y: 0}
  m_AnchorMax: {x: 0, y: 0}
  m_AnchoredPosition: {x: 0, y: 0}
  m_SizeDelta: {x: 0, y: 0}
  m_Pivot: {x: 0, y: 0}
--- !u!223 &4894089127201390725
Canvas:
  m_ObjectHideFlags: 0
  m_CorrespondingSourceObject: {fileID: 0}
  m_PrefabInstance: {fileID: 0}
  m_PrefabAsset: {fileID: 0}
  m_GameObject: {fileID: 4894089127201390726}
  m_Enabled: 1
  serializedVersion: 3
  m_RenderMode: 1
  m_Camera: {fileID: 0}
  m_PlaneDistance: 58.21
  m_PixelPerfect: 0
  m_ReceivesEvents: 1
  m_OverrideSorting: 0
  m_OverridePixelPerfect: 0
  m_SortingBucketNormalizedSize: 0
  m_AdditionalShaderChannelsFlag: 0
  m_SortingLayerID: 0
  m_SortingOrder: 100
  m_TargetDisplay: 0
--- !u!114 &4894089127201390724
MonoBehaviour:
  m_ObjectHideFlags: 0
  m_CorrespondingSourceObject: {fileID: 0}
  m_PrefabInstance: {fileID: 0}
  m_PrefabAsset: {fileID: 0}
  m_GameObject: {fileID: 4894089127201390726}
  m_Enabled: 1
  m_EditorHideFlags: 0
  m_Script: {fileID: 11500000, guid: 0cd44c1031e13a943bb63640046fad76, type: 3}
  m_Name: 
  m_EditorClassIdentifier: 
  m_UiScaleMode: 1
  m_ReferencePixelsPerUnit: 100
  m_ScaleFactor: 1
  m_ReferenceResolution: {x: 1920, y: 1080}
  m_ScreenMatchMode: 0
  m_MatchWidthOrHeight: 0
  m_PhysicalUnit: 3
  m_FallbackScreenDPI: 96
  m_DefaultSpriteDPI: 96
  m_DynamicPixelsPerUnit: 1
--- !u!114 &4894089127201390727
MonoBehaviour:
  m_ObjectHideFlags: 0
  m_CorrespondingSourceObject: {fileID: 0}
  m_PrefabInstance: {fileID: 0}
  m_PrefabAsset: {fileID: 0}
  m_GameObject: {fileID: 4894089127201390726}
  m_Enabled: 1
  m_EditorHideFlags: 0
  m_Script: {fileID: 11500000, guid: dc42784cf147c0c48a680349fa168899, type: 3}
  m_Name: 
  m_EditorClassIdentifier: 
  m_IgnoreReversedGraphics: 1
  m_BlockingObjects: 0
  m_BlockingMask:
    serializedVersion: 2
    m_Bits: 0
--- !u!114 &4894089128062159225
MonoBehaviour:
  m_ObjectHideFlags: 0
  m_CorrespondingSourceObject: {fileID: 0}
  m_PrefabInstance: {fileID: 0}
  m_PrefabAsset: {fileID: 0}
  m_GameObject: {fileID: 4894089127201390726}
  m_Enabled: 1
  m_EditorHideFlags: 0
  m_Script: {fileID: 11500000, guid: 3d21302329f2aea45a91cd2e04c91076, type: 3}
  m_Name: 
  m_EditorClassIdentifier: 
  m_scoreText: {fileID: 1573321802}
  m_hitText: {fileID: 765538602202051281}
  m_duration: 0.5
  m_timerText: {fileID: 257420490}
  m_timerSprite: {fileID: 8865292211306650952}
  m_showTime: 0
--- !u!1001 &4894089127257788621
PrefabInstance:
  m_ObjectHideFlags: 0
  serializedVersion: 2
  m_Modification:
    m_TransformParent: {fileID: 4894089127201390722}
    m_Modifications:
    - target: {fileID: 6669573622835391915, guid: 79340dd08d790bb498409f17752303b9,
        type: 3}
      propertyPath: m_AnchoredPosition.y
      value: -47.5
      objectReference: {fileID: 0}
    - target: {fileID: 6669573622865445373, guid: 79340dd08d790bb498409f17752303b9,
        type: 3}
      propertyPath: m_AnchoredPosition.y
      value: -122.5
      objectReference: {fileID: 0}
    - target: {fileID: 6669573622891742980, guid: 79340dd08d790bb498409f17752303b9,
        type: 3}
      propertyPath: m_AnchorMin.y
      value: 0
      objectReference: {fileID: 0}
    - target: {fileID: 6669573622891742980, guid: 79340dd08d790bb498409f17752303b9,
        type: 3}
      propertyPath: m_AnchorMax.y
      value: 0
      objectReference: {fileID: 0}
    - target: {fileID: 6669573622891742980, guid: 79340dd08d790bb498409f17752303b9,
        type: 3}
      propertyPath: m_AnchoredPosition.x
      value: 0
      objectReference: {fileID: 0}
    - target: {fileID: 6669573622891742980, guid: 79340dd08d790bb498409f17752303b9,
        type: 3}
      propertyPath: m_AnchoredPosition.y
      value: 0
      objectReference: {fileID: 0}
    - target: {fileID: 6669573622891742980, guid: 79340dd08d790bb498409f17752303b9,
        type: 3}
      propertyPath: m_SizeDelta.x
      value: 0
      objectReference: {fileID: 0}
    - target: {fileID: 6669573622891742980, guid: 79340dd08d790bb498409f17752303b9,
        type: 3}
      propertyPath: m_SizeDelta.y
      value: 0
      objectReference: {fileID: 0}
    - target: {fileID: 6669573622930701435, guid: 79340dd08d790bb498409f17752303b9,
        type: 3}
      propertyPath: m_AnchorMin.y
      value: 0
      objectReference: {fileID: 0}
    - target: {fileID: 6669573622930701435, guid: 79340dd08d790bb498409f17752303b9,
        type: 3}
      propertyPath: m_AnchorMax.y
      value: 0
      objectReference: {fileID: 0}
    - target: {fileID: 6669573622930701435, guid: 79340dd08d790bb498409f17752303b9,
        type: 3}
      propertyPath: m_AnchoredPosition.x
      value: 0
      objectReference: {fileID: 0}
    - target: {fileID: 6669573622930701435, guid: 79340dd08d790bb498409f17752303b9,
        type: 3}
      propertyPath: m_AnchoredPosition.y
      value: 0
      objectReference: {fileID: 0}
    - target: {fileID: 6669573622930701435, guid: 79340dd08d790bb498409f17752303b9,
        type: 3}
      propertyPath: m_SizeDelta.x
      value: 0
      objectReference: {fileID: 0}
    - target: {fileID: 6669573622930701435, guid: 79340dd08d790bb498409f17752303b9,
        type: 3}
      propertyPath: m_SizeDelta.y
      value: 0
      objectReference: {fileID: 0}
    - target: {fileID: 6669573622968422841, guid: 79340dd08d790bb498409f17752303b9,
        type: 3}
      propertyPath: m_AnchoredPosition.y
      value: -122.5
      objectReference: {fileID: 0}
    - target: {fileID: 6669573622981560992, guid: 79340dd08d790bb498409f17752303b9,
        type: 3}
      propertyPath: m_AnchoredPosition.y
      value: -47.5
      objectReference: {fileID: 0}
    - target: {fileID: 6669573623128628534, guid: 79340dd08d790bb498409f17752303b9,
        type: 3}
      propertyPath: m_AnchorMin.y
      value: 0
      objectReference: {fileID: 0}
    - target: {fileID: 6669573623128628534, guid: 79340dd08d790bb498409f17752303b9,
        type: 3}
      propertyPath: m_AnchorMax.y
      value: 0
      objectReference: {fileID: 0}
    - target: {fileID: 6669573623128628534, guid: 79340dd08d790bb498409f17752303b9,
        type: 3}
      propertyPath: m_AnchoredPosition.x
      value: 0
      objectReference: {fileID: 0}
    - target: {fileID: 6669573623128628534, guid: 79340dd08d790bb498409f17752303b9,
        type: 3}
      propertyPath: m_AnchoredPosition.y
      value: 0
      objectReference: {fileID: 0}
    - target: {fileID: 6669573623128628534, guid: 79340dd08d790bb498409f17752303b9,
        type: 3}
      propertyPath: m_SizeDelta.x
      value: 0
      objectReference: {fileID: 0}
    - target: {fileID: 6669573623128628534, guid: 79340dd08d790bb498409f17752303b9,
        type: 3}
      propertyPath: m_SizeDelta.y
      value: 0
      objectReference: {fileID: 0}
    - target: {fileID: 6669573623146164836, guid: 79340dd08d790bb498409f17752303b9,
        type: 3}
      propertyPath: m_AnchoredPosition.y
      value: -47.5
      objectReference: {fileID: 0}
    - target: {fileID: 6669573623190865500, guid: 79340dd08d790bb498409f17752303b9,
        type: 3}
      propertyPath: m_AnchoredPosition.y
      value: -47.5
      objectReference: {fileID: 0}
    - target: {fileID: 6669573623230321787, guid: 79340dd08d790bb498409f17752303b9,
        type: 3}
      propertyPath: m_AnchoredPosition.y
      value: -47.5
      objectReference: {fileID: 0}
    - target: {fileID: 6669573623272247806, guid: 79340dd08d790bb498409f17752303b9,
        type: 3}
      propertyPath: m_AnchoredPosition.y
      value: -47.5
      objectReference: {fileID: 0}
    - target: {fileID: 6669573623279016273, guid: 79340dd08d790bb498409f17752303b9,
        type: 3}
      propertyPath: m_AnchoredPosition.y
      value: 130
      objectReference: {fileID: 0}
    - target: {fileID: 6669573623353137433, guid: 79340dd08d790bb498409f17752303b9,
        type: 3}
      propertyPath: m_AnchoredPosition.y
      value: -63.946777
      objectReference: {fileID: 0}
    - target: {fileID: 6669573623577851685, guid: 79340dd08d790bb498409f17752303b9,
        type: 3}
      propertyPath: m_AnchoredPosition.y
      value: -88.94678
      objectReference: {fileID: 0}
    - target: {fileID: 6669573623600513362, guid: 79340dd08d790bb498409f17752303b9,
        type: 3}
      propertyPath: m_AnchoredPosition.y
      value: -47.5
      objectReference: {fileID: 0}
    - target: {fileID: 6669573623661473960, guid: 79340dd08d790bb498409f17752303b9,
        type: 3}
      propertyPath: m_AnchoredPosition.y
      value: -122.5
      objectReference: {fileID: 0}
    - target: {fileID: 6669573623673230451, guid: 79340dd08d790bb498409f17752303b9,
        type: 3}
      propertyPath: m_AnchoredPosition.y
      value: -47.5
      objectReference: {fileID: 0}
    - target: {fileID: 6669573623725690248, guid: 79340dd08d790bb498409f17752303b9,
        type: 3}
      propertyPath: m_AnchoredPosition.y
      value: 30
      objectReference: {fileID: 0}
    - target: {fileID: 6669573623857914694, guid: 79340dd08d790bb498409f17752303b9,
        type: 3}
      propertyPath: m_AnchoredPosition.y
      value: -122.5
      objectReference: {fileID: 0}
    - target: {fileID: 6669573623889895929, guid: 79340dd08d790bb498409f17752303b9,
        type: 3}
      propertyPath: m_AnchoredPosition.y
      value: -83.94678
      objectReference: {fileID: 0}
    - target: {fileID: 6669573623936567530, guid: 79340dd08d790bb498409f17752303b9,
        type: 3}
      propertyPath: m_AnchoredPosition.y
      value: -63.946777
      objectReference: {fileID: 0}
    - target: {fileID: 6669573623937455482, guid: 79340dd08d790bb498409f17752303b9,
        type: 3}
      propertyPath: m_AnchoredPosition.y
      value: -63.946777
      objectReference: {fileID: 0}
    - target: {fileID: 6669573623940865491, guid: 79340dd08d790bb498409f17752303b9,
        type: 3}
      propertyPath: m_AnchoredPosition.y
      value: -122.5
      objectReference: {fileID: 0}
    - target: {fileID: 6669573623973465922, guid: 79340dd08d790bb498409f17752303b9,
        type: 3}
      propertyPath: m_AnchoredPosition.y
      value: -63.946777
      objectReference: {fileID: 0}
    - target: {fileID: 6669573623978792190, guid: 79340dd08d790bb498409f17752303b9,
        type: 3}
      propertyPath: m_AnchoredPosition.y
      value: -122.5
      objectReference: {fileID: 0}
    - target: {fileID: 6669573623997241881, guid: 79340dd08d790bb498409f17752303b9,
        type: 3}
      propertyPath: m_AnchoredPosition.y
      value: -122.5
      objectReference: {fileID: 0}
    - target: {fileID: 6669573624026221417, guid: 79340dd08d790bb498409f17752303b9,
        type: 3}
      propertyPath: m_OnClick.m_PersistentCalls.m_Calls.Array.data[0].m_Target
      value: 
      objectReference: {fileID: 948352886931818291}
    - target: {fileID: 6669573624026221417, guid: 79340dd08d790bb498409f17752303b9,
        type: 3}
      propertyPath: m_OnClick.m_PersistentCalls.m_Calls.Array.data[0].m_MethodName
      value: Quitter
      objectReference: {fileID: 0}
    - target: {fileID: 6669573624026221418, guid: 79340dd08d790bb498409f17752303b9,
        type: 3}
      propertyPath: m_AnchoredPosition.y
      value: -88.94678
      objectReference: {fileID: 0}
    - target: {fileID: 6669573624107918110, guid: 79340dd08d790bb498409f17752303b9,
        type: 3}
      propertyPath: m_AnchoredPosition.y
      value: -47.5
      objectReference: {fileID: 0}
    - target: {fileID: 6669573624382967632, guid: 79340dd08d790bb498409f17752303b9,
        type: 3}
      propertyPath: m_AnchoredPosition.y
      value: -122.5
      objectReference: {fileID: 0}
    - target: {fileID: 6669573624407423644, guid: 79340dd08d790bb498409f17752303b9,
        type: 3}
      propertyPath: m_AnchoredPosition.y
      value: -122.5
      objectReference: {fileID: 0}
    - target: {fileID: 6669573624436729207, guid: 79340dd08d790bb498409f17752303b9,
        type: 3}
      propertyPath: m_AnchoredPosition.y
      value: -88.94678
      objectReference: {fileID: 0}
    - target: {fileID: 6669573624551316668, guid: 79340dd08d790bb498409f17752303b9,
        type: 3}
      propertyPath: m_AnchoredPosition.y
      value: -122.5
      objectReference: {fileID: 0}
    - target: {fileID: 6669573624571841437, guid: 79340dd08d790bb498409f17752303b9,
        type: 3}
      propertyPath: m_AnchoredPosition.y
      value: -122.5
      objectReference: {fileID: 0}
    - target: {fileID: 6669573624702647995, guid: 79340dd08d790bb498409f17752303b9,
        type: 3}
      propertyPath: m_AnchoredPosition.y
      value: -47.5
      objectReference: {fileID: 0}
    - target: {fileID: 6669573624750154255, guid: 79340dd08d790bb498409f17752303b9,
        type: 3}
      propertyPath: m_AnchorMin.y
      value: 0
      objectReference: {fileID: 0}
    - target: {fileID: 6669573624750154255, guid: 79340dd08d790bb498409f17752303b9,
        type: 3}
      propertyPath: m_AnchorMax.y
      value: 0
      objectReference: {fileID: 0}
    - target: {fileID: 6669573624750154255, guid: 79340dd08d790bb498409f17752303b9,
        type: 3}
      propertyPath: m_AnchoredPosition.x
      value: 0
      objectReference: {fileID: 0}
    - target: {fileID: 6669573624750154255, guid: 79340dd08d790bb498409f17752303b9,
        type: 3}
      propertyPath: m_AnchoredPosition.y
      value: 0
      objectReference: {fileID: 0}
    - target: {fileID: 6669573624750154255, guid: 79340dd08d790bb498409f17752303b9,
        type: 3}
      propertyPath: m_SizeDelta.x
      value: 0
      objectReference: {fileID: 0}
    - target: {fileID: 6669573624750154255, guid: 79340dd08d790bb498409f17752303b9,
        type: 3}
      propertyPath: m_SizeDelta.y
      value: 0
      objectReference: {fileID: 0}
    - target: {fileID: 6669573624852949082, guid: 79340dd08d790bb498409f17752303b9,
        type: 3}
      propertyPath: m_AnchoredPosition.y
      value: -63.946777
      objectReference: {fileID: 0}
    - target: {fileID: 6669573624869119608, guid: 79340dd08d790bb498409f17752303b9,
        type: 3}
      propertyPath: m_Name
      value: ZoneMorte_Reglages
      objectReference: {fileID: 0}
    - target: {fileID: 6669573624869119615, guid: 79340dd08d790bb498409f17752303b9,
        type: 3}
      propertyPath: m_LocalPosition.x
      value: 0
      objectReference: {fileID: 0}
    - target: {fileID: 6669573624869119615, guid: 79340dd08d790bb498409f17752303b9,
        type: 3}
      propertyPath: m_LocalPosition.y
      value: 0
      objectReference: {fileID: 0}
    - target: {fileID: 6669573624869119615, guid: 79340dd08d790bb498409f17752303b9,
        type: 3}
      propertyPath: m_LocalPosition.z
      value: 0
      objectReference: {fileID: 0}
    - target: {fileID: 6669573624869119615, guid: 79340dd08d790bb498409f17752303b9,
        type: 3}
      propertyPath: m_LocalRotation.x
      value: 0
      objectReference: {fileID: 0}
    - target: {fileID: 6669573624869119615, guid: 79340dd08d790bb498409f17752303b9,
        type: 3}
      propertyPath: m_LocalRotation.y
      value: 0
      objectReference: {fileID: 0}
    - target: {fileID: 6669573624869119615, guid: 79340dd08d790bb498409f17752303b9,
        type: 3}
      propertyPath: m_LocalRotation.z
      value: 0
      objectReference: {fileID: 0}
    - target: {fileID: 6669573624869119615, guid: 79340dd08d790bb498409f17752303b9,
        type: 3}
      propertyPath: m_LocalRotation.w
      value: 1
      objectReference: {fileID: 0}
    - target: {fileID: 6669573624869119615, guid: 79340dd08d790bb498409f17752303b9,
        type: 3}
      propertyPath: m_RootOrder
      value: 0
      objectReference: {fileID: 0}
    - target: {fileID: 6669573624869119615, guid: 79340dd08d790bb498409f17752303b9,
        type: 3}
      propertyPath: m_LocalEulerAnglesHint.x
      value: 0
      objectReference: {fileID: 0}
    - target: {fileID: 6669573624869119615, guid: 79340dd08d790bb498409f17752303b9,
        type: 3}
      propertyPath: m_LocalEulerAnglesHint.y
      value: 0
      objectReference: {fileID: 0}
    - target: {fileID: 6669573624869119615, guid: 79340dd08d790bb498409f17752303b9,
        type: 3}
      propertyPath: m_LocalEulerAnglesHint.z
      value: 0
      objectReference: {fileID: 0}
    - target: {fileID: 6669573624869119615, guid: 79340dd08d790bb498409f17752303b9,
        type: 3}
      propertyPath: m_AnchoredPosition.x
      value: 0
      objectReference: {fileID: 0}
    - target: {fileID: 6669573624869119615, guid: 79340dd08d790bb498409f17752303b9,
        type: 3}
      propertyPath: m_AnchoredPosition.y
      value: 466
      objectReference: {fileID: 0}
    - target: {fileID: 6669573624869119615, guid: 79340dd08d790bb498409f17752303b9,
        type: 3}
      propertyPath: m_SizeDelta.x
      value: 0
      objectReference: {fileID: 0}
    - target: {fileID: 6669573624869119615, guid: 79340dd08d790bb498409f17752303b9,
        type: 3}
      propertyPath: m_SizeDelta.y
      value: -932.10645
      objectReference: {fileID: 0}
    - target: {fileID: 6669573624869119615, guid: 79340dd08d790bb498409f17752303b9,
        type: 3}
      propertyPath: m_AnchorMin.x
      value: 0
      objectReference: {fileID: 0}
    - target: {fileID: 6669573624869119615, guid: 79340dd08d790bb498409f17752303b9,
        type: 3}
      propertyPath: m_AnchorMin.y
      value: 0
      objectReference: {fileID: 0}
    - target: {fileID: 6669573624869119615, guid: 79340dd08d790bb498409f17752303b9,
        type: 3}
      propertyPath: m_AnchorMax.x
      value: 1
      objectReference: {fileID: 0}
    - target: {fileID: 6669573624869119615, guid: 79340dd08d790bb498409f17752303b9,
        type: 3}
      propertyPath: m_AnchorMax.y
      value: 1
      objectReference: {fileID: 0}
    - target: {fileID: 6669573624869119615, guid: 79340dd08d790bb498409f17752303b9,
        type: 3}
      propertyPath: m_Pivot.x
      value: 0.5
      objectReference: {fileID: 0}
    - target: {fileID: 6669573624869119615, guid: 79340dd08d790bb498409f17752303b9,
        type: 3}
      propertyPath: m_Pivot.y
      value: 0.5
      objectReference: {fileID: 0}
    - target: {fileID: 6669573624961267234, guid: 79340dd08d790bb498409f17752303b9,
        type: 3}
      propertyPath: m_AnchoredPosition.y
      value: -47.5
      objectReference: {fileID: 0}
    - target: {fileID: 6669573624966831105, guid: 79340dd08d790bb498409f17752303b9,
        type: 3}
      propertyPath: m_AnchoredPosition.y
      value: -63.946777
      objectReference: {fileID: 0}
    m_RemovedComponents: []
  m_SourcePrefab: {fileID: 100100000, guid: 79340dd08d790bb498409f17752303b9, type: 3}
--- !u!224 &2262031861929621170 stripped
RectTransform:
  m_CorrespondingSourceObject: {fileID: 6669573624869119615, guid: 79340dd08d790bb498409f17752303b9,
    type: 3}
  m_PrefabInstance: {fileID: 4894089127257788621}
  m_PrefabAsset: {fileID: 0}
--- !u!114 &948352886931818291 stripped
MonoBehaviour:
  m_CorrespondingSourceObject: {fileID: 5675228001789597694, guid: 79340dd08d790bb498409f17752303b9,
    type: 3}
  m_PrefabInstance: {fileID: 4894089127257788621}
  m_PrefabAsset: {fileID: 0}
  m_GameObject: {fileID: 0}
  m_Enabled: 1
  m_EditorHideFlags: 0
  m_Script: {fileID: 11500000, guid: 8188df4907468cf44a63280c7c29b1b7, type: 3}
  m_Name: 
  m_EditorClassIdentifier: 
